Map: Romanticide LE

Players

Azure

  • Race: Terran Terran

Seither - Winner!

  • Race: Terran Terran

Event: DreamHack SC2 Masters 2021 Fall

VOD

Have the link to the VOD?

Description

Time

  • Played on: July 28, 2021, 6:25 a.m.
  • Length: 24:31

All games in this series

Show
View Real Time Build Order
Export as new Build Order

Azure Terran 

Build Orders: Cyclone Opening 

Get SALT Encoding   

  12  0:00  SCV  
  13  0:12  SCV  
  14  0:16  Supply Depot  
  14  0:24  SCV  
  15  0:38  SCV  
  15  0:39  Barracks  
  16  0:43  Refinery  
  16  0:50  SCV  
  16  0:52  Refinery  
  17  1:02  SCV  
  18  1:14  SCV  
  19  1:27  Reaper, Orbital Command  
  19  1:28  Supply Depot  
  20  1:42  Factory  
  20  1:54  SCV  
  21  1:59  Reaper  
  22  2:06  SCV  
  23  2:18  SCV  
  24  2:30  SCV  
  24  2:35  Factory Tech Lab, Command Center  
  25  2:41  Barracks Reactor  
  25  2:42  SCV  
  26  2:50  Supply Depot  
  26  2:54  SCV  
  26  2:55  Cyclone  
  29  3:09  Starport  
  29  3:14  SCV  
  29  3:17  Marine x2  
  32  3:26  SCV  
  33  3:27  Siege Tank  
  36  3:35  Marine x2  
  36  3:38  SCV  
  37  3:47  Starport Tech Lab  
  37  3:48  Orbital Command  
  37  3:50  SCV  
  37  3:53  Marine x2  
  40  3:55  Refinery  
  43  4:03  SCV  
  43  4:08  Raven, Supply Depot  
  43  4:11  Marine x2  
  43  4:14  SCV  
  43  4:15  SCV  
  47  4:26  SCV  
  47  4:27  SCV  
  47  4:30  Command Center  
  49  4:37  Siege Tank  
  53  4:38  SCV  
  53  4:40  SCV  
  53  4:43  Supply Depot  
  54  4:46  Marine  
  54  4:49  Marine  
  54  4:50  SCV  
  57  4:53  SCV, Raven  
  60  5:00  Supply Depot  
  60  5:02  SCV  
  60  5:05  SCV  
  62  5:08  Refinery  
  62  5:09  Siege Tank  
  65  5:14  SCV  
  65  5:17  SCV  
  67  5:24  Supply Depot  
  67  5:27  SCV  
  68  5:29  SCV  
  69  5:39  SCV  
  69  5:41  SCV  
  72  5:43  Siege Tank  
  72  5:45  Supply Depot  
  72  5:47  Orbital Command  
  72  5:48  Viking  
  76  5:50  Viking, Barracks  
  76  5:52  Barracks  
  76  5:53  SCV  
  76  5:55  SCV  
  76  5:56  Marine  
  81  5:58  Stimpack  
  81  6:05  SCV, Engineering Bay  
  81  6:08  SCV, Engineering Bay  
  83  6:11  Orbital Command  
  83  6:15  Siege Tank  
  83  6:17  SCV  
  87  6:20  Viking  
  87  6:22  Viking  
  87  6:24  SCV  
  92  6:28  Marine  
  93  6:35  Terran Infantry Weapons Level 1  
  93  6:37  Terran Infantry Armor Level 1  
  93  6:39  SCV x3  
  96  6:45  Marine  
  97  6:49  Barracks Reactor x2  
  97  6:51  SCV x3  
  97  7:00  Siege Tank  
  100  7:03  Marine, SCV x2  
  100  7:08  SCV, Barracks x2  
  104  7:09  Supply Depot x2  
  104  7:14  Viking  
  104  7:15  SCV, Viking  
  108  7:16  SCV  
  109  7:25  Supply Depot  
  109  7:26  Supply Depot  
  109  7:28  Marine, SCV  
  109  7:35  Marine x2  
  109  7:36  Marine  
  108  7:37  Siege Tank  
  108  7:38  SCV x2  
  108  7:41  Marine  
  114  7:46  Marine  
  114  7:48  Viking x2  
  114  7:49  SCV  
  120  7:53  Marine x2, Armory  
  120  7:54  Marine, Orbital Command  
  120  7:55  SCV  
  120  7:56  SCV  
  120  7:58  Refinery x2  
  124  8:01  SCV  
  124  8:04  Marine  
  126  8:06  Barracks Reactor x2  
  126  8:07  Combat Shield  
  126  8:13  SCV  
  126  8:14  SCV  
  126  8:15  Marine x2  
  130  8:20  SCV  
  130  8:22  Marine x3, Supply Depot  
  130  8:25  SCV  
  130  8:26  SCV  
  136  8:30  Supply Depot, Siege Tank  
  136  8:32  SCV  
  136  8:33  Marine, Supply Depot  
  141  8:40  Marine x2, Supply Depot, Medivac  
  145  8:43  Supply Depot, Command Center  
  145  8:48  Supply Depot  
  145  8:53  Supply Depot  
  145  8:54  Marine, Sensor Tower  
  145  8:57  Marine  
  145  8:58  Marine x2  
  145  9:01  Marine x4  
  149  9:02  Siege Tank  
  146  9:13  Marine  
  146  9:14  Marine  
  146  9:15  Marine  
  139  9:20  Marine x4  
  139  9:21  Marine x2  
  139  9:23  Supply Depot  
  143  9:25  Terran Infantry Weapons Level 2  
  143  9:30  Terran Infantry Armor Level 2  
  143  9:31  Marine x2  
  143  9:33  Marine  
  143  9:35  Medivac x2  
  143  9:36  Siege Tank  
  143  9:38  Marine x2, Missile Turret  
  154  9:39  Marine x2, Missile Turret  
  154  9:44  Marine x2  
  159  9:49  Marine  
  159  9:50  Marine  
  159  9:51  Marine  
  162  9:56  Marine x2  
  162  9:57  Marine x2  
  166  10:02  Marine x2  
  166  10:05  Factory  
  166  10:06  Viking  
  166  10:07  Marine, Viking  
  172  10:08  Marine  
  172  10:09  Marine  
  172  10:10  Supply Depot  
  172  10:13  Marine  
  172  10:14  Marine  
  176  10:20  Marine x3  
  180  10:22  Siege Tank  
  180  10:25  Supply Depot  
  180  10:26  Supply Depot  
  180  10:27  Barracks x2  
  180  10:28  Marine x2, Barracks  
  179  10:33  Marine  
  179  10:34  Marine  
  164  10:46  Marine x2  
  164  10:47  Marine  
  147  10:52  Viking x2  
  147  10:53  Marine x4  
  147  10:54  Siege Tank  
  138  11:10  Marine x3  
  139  11:11  Marine x2  
  139  11:12  Marine, Planetary Fortress  
  139  11:13  SCV x3  
  145  11:20  Factory Tech Lab  
  145  11:21  Barracks Reactor  
  145  11:23  Barracks Reactor  
  145  11:25  Marine x2, SCV x2  
  146  11:26  Siege Tank  
  146  11:27  Marine  
  153  11:34  Marine x3  
  153  11:35  Marine  
  153  11:37  Marine  
  153  11:38  Marine  
  159  11:44  SCV x2  
  159  11:45  SCV, Sensor Tower  
  159  11:46  Marine  
  163  11:47  Marine  
  163  11:53  Marine x2  
  166  11:57  Medivac x2  
  166  11:58  Siege Tank x2  
  166  11:59  Marine x2  
  178  12:02  Marine  
  163  12:11  Marine x2  
  129  12:25  Marine x6  
  129  12:26  Marine x6  
  129  12:29  Marine x2, SCV x2  
  145  12:30  Siege Tank x2  
  146  12:40  SCV  
  146  12:43  Marine x6, Sensor Tower  
  146  12:44  Marine x4  
  156  12:48  Marine  
  156  12:49  Marine  
  155  13:02  Marine  
  155  13:03  Marine  
  155  13:04  Marine x2, Siege Tank x2  
  161  13:07  Marine x2  
  162  13:13  Marine  
  162  13:14  Command Center  
  163  13:23  Marine  
  164  13:28  Marine x7  
  164  13:29  Marine x3  
  164  13:30  Marine x2  
  176  13:34  Marine  
  176  13:36  Siege Tank  
  176  13:41  Marine, Medivac x2  
  181  13:43  Siege Tank  
  188  13:50  Terran Infantry Weapons Level 3  
  188  13:55  Marine x7  
  195  13:57  Marine  
  196  14:03  Marine x2  
  198  14:13  Command Center  
  198  14:20  Marine  
  199  14:27  Starport  
  199  14:28  Starport  
  187  14:35  Marine  
  187  14:38  Viking x2  
  184  14:40  Refinery  
  184  14:43  Orbital Command  
  184  14:45  Refinery, Marine x2  
  184  14:47  Marine  
  187  15:00  Engineering Bay  
  187  15:03  Refinery  
  186  15:07  Viking  
  185  15:20  Siege Tank x2  
  185  15:21  Marine x3  
  169  15:22  Marine  
  169  15:25  Starport Reactor  
  169  15:26  Marine  
  169  15:27  Marine x3, Starport Reactor  
  174  15:34  SCV x2  
  174  15:35  SCV  
  177  15:42  Marine x2  
  177  15:44  Viking x2  
  177  15:46  SCV  
  187  15:59  Marine x3  
  187  16:02  Planetary Fortress, Missile Turret  
  187  16:03  SCV x2  
  192  16:09  Missile Turret  
  192  16:10  Sensor Tower, Viking  
  191  16:11  Viking x2  
  191  16:13  Marine  
  191  16:14  Viking x2  
  199  16:42  Marine  
  197  16:53  Marine  
  197  16:54  Marine x11  
  184  16:55  Siege Tank x2  
  184  16:58  Viking  
  200  17:11  Marine x2  
  200  17:18  Viking x2  
  200  17:19  Viking x3  
  200  17:34  Command Center  
  200  17:38  Command Center  
  200  17:48  Marine x2  
  198  17:55  Siege Tank x2  
  198  18:05  Marine x3  
  196  18:07  Marine x2  
  196  18:08  Liberator  
  196  18:13  Marine x2  
  198  18:20  Marine  
  198  18:23  Marine  
  198  18:26  Marine  
  194  18:36  Marine  
  194  18:37  Marine x2  
  186  18:45  Marine  
  186  18:46  Viking  
  185  18:49  Orbital Command  
  185  18:51  Viking  
  185  18:52  Starport  
  185  18:53  Siege Tank x2, Starport  
  191  19:03  Marine x3  
  191  19:07  Marine x2  
  191  19:08  Marine x4  
  200  19:27  Marine x2  
  200  19:28  Siege Tank x2  
  200  19:40  Orbital Command  
  200  19:45  Marine x3  
  182  19:46  Marine x2  
  182  19:47  Liberator  
  188  19:53  Refinery  
  188  19:54  Refinery  
  188  19:56  Marine x9  
  189  20:00  Siege Tank x2  
  189  20:03  Marine x3  
  189  20:06  Marine x2  
  198  20:14  Marine x3  
  189  20:15  Marine x2  
  189  20:18  Marine x3  
  189  20:19  Marine  
  189  20:21  Marine x2, Medivac x2  
  175  20:22  Marine  
  175  20:24  Marine x2  
  179  20:31  Marine  
  179  20:32  Marine x2, Cyclone x2  
  187  20:42  Marine x3  
  178  20:45  Marine  
  178  20:48  Marine  
  178  20:49  Marine x2  
  156  20:50  Marine x5, Orbital Command  
  156  20:51  Marine  
  156  20:52  Marine  
  141  21:00  Marine x3  
  141  21:02  Marine  
  135  21:04  Siege Tank x2  
  135  21:06  Marine x3  
  135  21:07  Marine  
  135  21:08  Marine x4  
  140  21:14  Marine x2  
  140  21:17  Marine  
  143  21:20  Marine x2  
  143  21:21  Viking x2  
  143  21:22  Viking  
  151  21:30  Command Center  
  151  21:34  Marine x2  
  151  21:36  Siege Tank  
  151  21:37  Marine, Siege Tank  
  151  21:38  Marine x2  
  162  21:42  Unknown  
  162  21:54  Marine x4  
  162  21:57  Marine x3  
  162  22:00  Marine  
  167  22:09  Siege Tank x2  
  127  22:16  Marine x7  
  127  22:18  Marine  
  127  22:22  Marine  
  117  22:25  Marine  
  117  22:26  Marine  
  117  22:29  Marine x2  
  117  22:34  Marine  
  117  22:35  Marine x2, Orbital Command  
  121  22:41  Marine x2  
  123  22:48  Siege Tank  
  123  22:49  Marine x3  
  129  22:55  Planetary Fortress  
  128  23:00  Marine x2  
  128  23:01  Marine  
  128  23:05  Marine x3  
  134  23:19  Marine  
  137  23:20  Marine x2, Siege Tank  
  137  23:23  Marine x5  
  137  23:24  Marine x2  
  137  23:26  Marine  
  137  23:27  Marine  
  135  23:29  Siege Tank  
  136  23:37  Marine x2  
  136  23:40  Liberator  
  136  23:41  Marine  
  143  23:42  Liberator  
  143  23:53  Marine x3  
  144  24:00  Marine  
  145  24:08  Marine  
Show
View Real Time Build Order
Export as new Build Order

Seither Terran - Winner!

Build Orders:  

Get SALT Encoding   

  12  0:00  SCV  
  13  0:12  SCV  
  14  0:17  Supply Depot  
  14  0:24  SCV  
  15  0:38  SCV  
  15  0:40  Barracks  
  16  0:43  Refinery  
  16  0:50  SCV  
  16  0:52  Refinery  
  17  1:02  SCV  
  18  1:15  SCV  
  19  1:27  Orbital Command  
  19  1:28  Supply Depot  
  19  1:30  Reaper  
  20  1:44  Factory  
  20  1:53  SCV  
  21  2:02  Reaper  
  21  2:05  SCV  
  22  2:17  SCV  
  23  2:24  Command Center  
  23  2:31  Hellion  
  23  2:37  SCV  
  26  2:40  Barracks Reactor  
  26  2:46  Starport  
  26  2:53  SCV  
  26  2:55  Supply Depot  
  27  3:02  Factory Tech Lab  
  27  3:05  SCV  
  28  3:17  SCV  
  28  3:18  Marine  
  28  3:19  Marine  
  31  3:21  Cyclone  
  34  3:28  Starport Tech Lab  
  34  3:30  Refinery, SCV  
  35  3:40  Marine x2  
  36  3:44  Orbital Command  
  36  3:45  SCV  
  37  4:04  Raven  
  37  4:05  Marine x2  
  37  4:06  SCV  
  42  4:10  SCV  
  43  4:21  Supply Depot  
  43  4:23  Marine x2, Siege Tank  
  48  4:24  SCV x2  
  48  4:28  Supply Depot  
  49  4:36  SCV  
  49  4:37  SCV  
  51  4:42  Marine x2  
  53  4:49  SCV x2  
  55  4:53  Supply Depot  
  55  4:55  Siege Tank  
  58  5:01  SCV x2  
  58  5:03  Raven  
  62  5:13  SCV x2  
  64  5:17  Command Center  
  64  5:23  Marine x2  
  64  5:25  SCV x2  
  64  5:27  Supply Depot  
  68  5:30  Refinery  
  68  5:37  SCV x2  
  68  5:40  Siege Tank  
  73  5:49  SCV x2  
  75  5:50  Supply Depot  
  75  5:58  Viking  
  75  5:59  Marine, Viking, Stimpack  
  75  6:01  SCV x2  
  82  6:13  SCV x2  
  82  6:15  Siege Tank  
  82  6:16  Barracks  
  82  6:18  Barracks  
  87  6:26  Marine  
  87  6:28  SCV  
  87  6:29  SCV  
  87  6:31  Engineering Bay  
  88  6:32  Engineering Bay  
  88  6:34  Viking  
  88  6:36  Viking  
  92  6:40  Orbital Command  
  92  6:44  SCV x2  
  94  6:53  Siege Tank  
  97  6:56  SCV x2  
  97  6:57  Marine  
  97  6:59  Supply Depot  
  100  7:04  Terran Infantry Armor Level 1, Orbital Command, Terran Infantry Weapons Level 1  
  100  7:05  Barracks Reactor  
  100  7:06  Barracks Reactor  
  100  7:12  SCV x2  
  102  7:17  Marine  
  102  7:19  Viking x2  
  107  7:25  Supply Depot  
  107  7:29  SCV x2  
  107  7:38  Siege Tank  
  107  7:39  Marine  
  107  7:41  SCV x2  
  107  7:43  Refinery  
  111  7:45  Refinery  
  111  7:54  Marine x2  
  111  7:55  Marine x2  
  111  7:56  Marine  
  116  7:59  Barracks  
  116  8:00  Armory, Barracks  
  116  8:02  Supply Depot  
  116  8:05  Viking x2  
  120  8:15  SCV x3  
  120  8:17  Combat Shield  
  120  8:18  Marine x2  
  125  8:23  Marine x2  
  125  8:24  Supply Depot  
  127  8:28  Supply Depot  
  127  8:31  Siege Tank  
  130  8:37  Factory  
  130  8:38  Medivac x2  
  134  8:46  Marine x4  
  137  8:49  SCV  
  137  8:50  SCV  
  139  8:57  Barracks Reactor  
  139  8:58  Barracks Reactor  
  139  9:00  SCV  
  139  9:02  SCV x2  
  140  9:10  Command Center  
  140  9:12  Marine  
  140  9:13  Marine x3  
  138  9:21  Marine  
  138  9:22  Siege Tank  
  138  9:24  Factory Tech Lab  
  142  9:26  Liberator x2  
  142  9:30  Marine x2  
  150  9:31  Sensor Tower  
  150  9:32  Marine x2  
  150  9:33  Marine x3  
  155  9:39  Marine  
  155  9:40  Missile Turret  
  155  9:41  Supply Depot, Missile Turret  
  155  9:42  SCV, Supply Depot  
  157  9:54  Terran Infantry Weapons Level 2  
  157  9:58  Supply Depot  
  157  10:00  Supply Depot  
  157  10:01  Terran Vehicle Weapons Level 1  
  157  10:02  Marine x4, Terran Infantry Armor Level 2, SCV x2  
  157  10:07  Siege Tank  
  169  10:14  Siege Tank  
  169  10:20  Marine x3  
  169  10:21  Marine x4  
  175  10:33  Marine x2  
  175  10:36  Planetary Fortress  
  175  10:37  Missile Turret  
  175  10:38  Marine x4, Missile Turret  
  179  10:49  Medivac x2  
  177  10:53  SCV x3  
  177  10:56  Sensor Tower  
  180  10:59  Marine x5  
  180  11:00  Marine x4  
  169  11:12  Siege Tank x2  
  169  11:17  Marine x5  
  179  11:25  Medivac x2  
  181  11:27  SCV x3  
  181  11:30  Marine  
  181  11:31  Marine x3  
  190  11:35  Refinery, Starport  
  190  11:36  Starport  
  190  11:37  Refinery  
  190  11:42  Marine x3  
  192  11:57  Viking  
  192  11:58  Marine x3, Viking  
  199  12:04  SCV  
  195  12:15  Starport Reactor, Starport Tech Lab  
  168  12:22  Command Center  
  145  12:33  Marine x7  
  145  12:34  Terran Infantry Armor Level 3, Siege Tank x2, Terran Infantry Weapons Level 3  
  145  12:35  Viking x3  
  164  12:42  Marine  
  164  12:43  Marine  
  164  12:44  SCV x2  
  168  12:51  Marine x4  
  158  13:01  Marine x2  
  158  13:02  Marine x3  
  140  13:06  Siege Tank x2  
  140  13:07  SCV x3  
  140  13:08  Marine x2  
  140  13:09  Marine  
  150  13:13  Viking x4  
  150  13:17  Missile Turret  
  158  13:21  Terran Vehicle Weapons Level 2  
  158  13:22  Marine x2  
  158  13:23  Marine x3  
  163  13:35  Marine x2  
  163  13:36  Marine, Planetary Fortress  
  163  13:37  SCV  
  163  13:38  SCV x2, Siege Tank, Sensor Tower  
  163  13:39  Siege Tank, Missile Turret  
  175  13:53  Liberator  
  175  13:54  Liberator  
  175  13:55  Medivac x3  
  187  14:00  Marine x5  
  192  14:07  Missile Turret  
  192  14:16  Marine x4  
  196  14:18  Marine  
  197  14:24  Missile Turret  
  197  14:25  Missile Turret  
  187  14:43  Liberator x3  
  187  14:45  SCV x3  
  199  14:48  Command Center  
  199  14:57  Command Center  
  199  15:03  Marine  
  197  15:18  Viking x2  
  186  15:25  Marine x4  
  186  15:26  Marine x2  
  192  15:35  Command Center  
  192  15:37  Command Center  
  192  15:39  Barracks  
  192  15:40  Barracks x2  
  192  15:45  Sensor Tower  
  192  15:48  Viking  
  192  15:49  Viking x2  
  197  16:09  Marine x3  
  200  16:12  Planetary Fortress  
  200  16:18  Orbital Command  
  198  16:29  Barracks Reactor x2  
  198  16:30  Barracks Reactor  
  195  16:53  Liberator x2  
  195  16:54  Liberator  
  183  17:00  Marine x8  
  190  17:02  Orbital Command x2  
  187  17:20  Marine x10  
  187  17:22  Command Center  
  191  17:24  Terran Ship Weapons Level 1  
  191  17:25  Starport  
  191  17:29  Viking x2, Starport  
  193  17:36  Refinery x2  
  190  17:46  Refinery x2  
  187  17:54  Viking x3  
  187  17:55  Thor  
  193  17:59  Viking  
  193  18:04  Viking x3  
  184  18:21  Marine x3  
  184  18:22  Marine x7  
  184  18:23  Siege Tank  
  184  18:24  Viking  
  198  18:30  Viking  
  200  18:35  Orbital Command  
  198  18:47  Siege Tank  
  187  18:55  Siege Tank  
  190  18:56  Orbital Command  
  187  19:06  Viking x2  
  187  19:07  Viking x5  
  197  19:16  Marine  
  197  19:17  Marine x2  
  199  19:28  Terran Ship Weapons Level 2  
  196  19:36  Viking  
  196  19:47  Sensor Tower  
  194  19:56  Liberator x2  
  194  19:57  Marine x3  
  194  19:58  Marine  
  189  20:20  Marine x6  
  181  20:21  Siege Tank x2  
  184  20:28  Marine x3  
  184  20:29  Marine x3  
  184  20:30  Viking, Liberator x2  
  165  20:52  Marine x8  
  165  20:53  Marine x6, Siege Tank x2  
  165  20:56  Orbital Command  
  176  21:01  Marine  
  149  21:04  Medivac x3  
  149  21:10  Marine x5  
  150  21:25  Siege Tank x2  
  153  21:26  Marine x10  
  153  21:27  Marine  
  153  21:28  Marine x3, Starport Tech Lab x2  
  153  21:31  Fusion Core  
  170  21:40  Command Center  
  170  21:54  Viking  
  170  21:55  Viking, Corvid Reactor, Raven x3  
  170  21:56  Marine x7  
  170  21:57  Marine, Siege Tank x2  
  190  22:11  Marine x7  
  190  22:14  Marine x8  
  127  22:28  Marine  
  127  22:29  Marine x5, Siege Tank  
  131  22:30  Siege Tank  
  131  22:36  Missile Turret  
  128  22:38  Refinery  
  128  22:41  Battlecruiser  
  128  22:42  Battlecruiser x2  
  128  22:43  Advanced Ballistics  
  146  23:01  Siege Tank  
  146  23:02  Marine x2  
  146  23:03  Marine x6  
  146  23:04  Viking x2, Planetary Fortress  
  159  23:08  SCV x6  
  157  23:25  Marine x4  
  154  23:31  Marine x7  
  154  23:32  Marine  
  159  23:44  Unknown  
  156  23:57  Siege Tank x2  
  156  23:59  Viking x2  
  156  24:00  Viking x3  

Tags
 
Add a new tag
Caveats
  • Supply blocks, unpowered buildings, or Contaminate may cause inaccurate times.
  • Supply counts are checked every 10 seconds.